 Dungeon Crawl Stone Soup version 0.29-a0-96-g93358da72b (webtiles) character file.

Game seed: 5314209547391278841

3746 Gargoyl the Cleaver (level 10, -3/64 HPs)
             Began as a Gargoyle Abyssal Knight on Feb 12, 2022.
             Was an Elder of Lugonu.
             Slain by a wraith (8 damage)
             ... on level 11 of the Dungeon.
             The game lasted 00:15:15 (8100 turns).

Gargoyl the Cleaver (Gargoyle Abyssal Knight)       Turns: 8100, Time: 00:15:15

Health: -3/64      AC: 23    Str: 20    XL:     10   Next: 15%
Magic:  10/11      EV:  8    Int: 12    God:    Lugonu [****..]
Gold:   136        SH:  5    Dex: 10    Spells: 9/9 levels left

rFire   . . .      SeeInvis .   a - +3 hand axe
rCold   . . .      Faith    .   q - +2 buckler {AC+3}
rNeg    + . .      Spirit   .   h - +0 chain mail
rPois   ∞          Reflect  .   j - +1 helmet
rElec   +          Harm     .   c - scarf {repulsion}
rCorr   .          Rampage  .   s - +0 pair of gloves
Will    .....                   e - +2 pair of boots
Stlth   ..........              (no amulet)
HPRegen 0.20/turn               (no ring)
MPRegen 0.12/turn               (no ring)

@: slowed, repel missiles, very slow
A: sickness immunity, AC +7, negative energy resistance 1, electricity
resistance, torment resistance 1, petrification resistance, deformed body
a: Renounce Religion, Depart the Abyss, Bend Space, Banish, Corrupt


You were on level 11 of the Dungeon.
You worshipped Lugonu.
Lugonu was greatly pleased with you.
You visited 1 branch of the dungeon, and saw 9 of its levels.
You visited the Abyss 1 time.

You collected 444 gold pieces.
You spent 308 gold pieces at shops.

Inventory:

Hand Weapons
 a - a +3 hand axe (weapon)
Armour
 c - a scarf of repulsion (worn)
 e - a +2 pair of boots (worn)
 h - a +0 chain mail (worn)
 j - a +1 helmet (worn)
 p - a +0 cloak
 q - a +2 buckler of protection (worn)
 s - a +0 pair of gloves (worn)
Jewellery
 b - a ring of wizardry
 l - the amulet of the Unkillable {Regen+ Int+3}
   (You found it on level 11 of the Dungeon)

   [amulet of regeneration]

   Int:       It affects your intelligence (+3).
   Regen:     It increases your rate of health regeneration.
Wands
 i - a wand of iceblast (1)
 k - a wand of charming (15)
 u - a wand of digging (8)
Scrolls
 d - 3 scrolls of enchant armour
 f - a scroll of magic mapping
Potions
 g - 3 potions of brilliance
 m - 2 potions of haste {unknown}
 n - 2 potions of flight
 o - a potion of ambrosia {unknown}
 r - a potion of curing


   Skills:
 + Level 8.2 Fighting
 * Level 9.5 Axes
 + Level 0.1 Throwing
 + Level 7.1 Armour
 + Level 2.6 Dodging
 + Level 1.0 Stealth
 * Level 1.7 Shields
 * Level 2.0 Invocations


You had 9 spell levels left.
You didn't know any spells.
Your spell library contained the following spells:

 Spells                   Type           Power      Damage    Failure   Level
 Shock                    Conj/Air       0%         1d3       98%         1
 Corpse Rot               Necr/Air       0%         N/A       99%         2
 Poisonous Vapours        Pois/Air       0%         N/A       99%         2
 Swiftness                Air            0%         N/A       100%        3
 Airstrike                Air            0%         N/A       100%        4


Dungeon Overview and Level Annotations

Branches:
Dungeon (8/15)             Temple (0/1) D:5
   Lair: D:8-11

Altars:
Ashenzari
Cheibriados
Hepliaklqana
Kikubaaqudgha
Okawaru
Sif Muna
Vehumet
Wu Jian
Yredelemnul

Shops:
D:3 =!*   D:7 [   D:11 (


Innate Abilities, Weirdness & Mutations

You are immune to sickness and miasma.
Your stone body is resilient. (AC +7)
You are immune to poison.
You resist negative energy. (rN+)
You are resistant to electric shocks. (rElec)
You are resistant to unholy torment.
You are immune to petrification.
Armour fits poorly on your strangely shaped body.


Message History

The acid dragon roars!
The wraith barely misses you.
You see here the amulet of the Unkillable {Regen+ Int+3}.
l - the amulet of the Unkillable {Regen+ Int+3} The acid dragon spits acid at you.
The splash of acid misses you. The wraith hits you!
* * * LOW HITPOINT WARNING * * *
The wraith drains your vigour!
You feel yourself slow down.
Okay, then.
Activating: Corrupt (67% risk of failure)
Press: ? - help, Dir - look around, f - activate You fail to use your ability.
The wraith hits you but does no damage.
Unknown command.
You feel better. The wraith hits you but does no damage.
The acid dragon barely misses you.
The acid dragon claws you but does no damage.
The wraith barely misses you. Space bends around you!
You blink.
A troll comes into view.
Found an iron altar of Okawaru.
The troll shouts!
Activating: Corrupt (67% risk of failure)
Press: ? - help, Dir - look around, f - activate You fail to use your ability.
The acid dragon spits acid at you. The splash of acid misses you.
The wraith hits you.
* * * LOW HITPOINT WARNING * * *
The wraith drains your vigour!
You feel as though you will be slow longer.
Okay, then.
Unknown command.
Activating: Corrupt (67% risk of failure)
Press: ? - help, Dir - look around, f - activate You fail to use your ability.
The acid dragon bites you but does no damage.
The acid dragon claws you but does no damage.
You block the troll's attack. The troll claws you!
* * * LOW HITPOINT WARNING * * *
The troll claws you but does no damage. The wraith hits you!
You die...

... ..............
.....##.............
#....##............#
##....#......#....###
###................## #
. .....>.........#..###.
... ...............#.#..
.....#T.DO...#..#..#..#
#...@W#........#...#
#......#............#
..............#...##..#
###...............##..##
.....##...##......##..#
...#.. .....#...#...#...
...... ._......#.......
...... ....#. #.......
.........


You could see a two-headed ogre, a troll, a wraith and an acid dragon (catching
breath).

Vanquished Creatures
  An ugly thing (D:11)
  Grinder (D:3)
  A meliai zombie (D:11)
  A water moccasin (D:7)
  2 black bears (D:6)
  An ice beast (D:7)
  An orc warrior (D:6)
  A sky beast (D:7)
  2 necrophages
  An ogre (D:4)
  8 centaurs
  A phantom (D:6)
  A kobold brigand (D:7)
  A scorpion (D:5)
  2 bullfrogs (D:6)
  2 water moccasin zombies (D:5)
  4 wights
  4 killer bees (D:7)
  A howler monkey (D:5)
  2 centaur zombies
  2 orc priests (D:6)
  A gnoll shaman (D:5)
  2 hounds
  4 orc wizards
  Natasha (thrice) (D:3)
  Robin (D:3)
  A howler monkey zombie (D:6)
  9 gnolls
  A howler monkey skeleton (D:5)
  5 adders
  An ufetubus (D:4)
  A worm (D:3)
  2 dart slugs (D:2)
  17 orcs
  3 bats
  5 endoplasms
  3 giant cockroaches
  26 goblins
  11 hobgoblins
  21 kobolds
  3 quokkas
  4 ball pythons
  2 frilled lizards
  3 rats
169 creatures vanquished.

Vanquished Creatures (collateral kills)
  An adder skeleton (D:5)
1 creature vanquished.

Vanquished Creatures (others)
  7 plants (D:5)
7 creatures vanquished.

Grand Total: 177 creatures vanquished

Notes
Turn   | Place    | Note
-------+----------+-------------------------------------------
     0 | Abyss:1  | Gargoyl the Gargoyle Abyssal Knight began the quest for the
                  | Orb.
     0 | Abyss:1  | Reached XP level 1. HP: 14/14 MP: 2/2
     8 | D:1      | Escaped the Abyss
   478 | D:1      | Reached skill level 2 in Axes
   507 | D:1      | Reached XP level 2. HP: 15/19 MP: 3/3
  1280 | D:2      | Found a faded altar of an unknown god.
  1491 | D:2      | Reached * piety under Lugonu
  1492 | D:2      | Reached XP level 3. HP: 23/23 MP: 4/4
  1919 | D:2      | Reached skill level 3 in Axes
  1936 | D:3      | Found Nuciydu's Distillery.
  1994 | D:3      | Bought a potion of lignification for 39 gold pieces
  1994 | D:3      | Bought a potion of curing for 39 gold pieces
  2026 | D:3      | Found Bael's General Store.
  2038 | D:3      | Bought a potion of berserk rage for 50 gold pieces
  2053 | D:3      | Found Kuqolied's Jewellery Shop.
  2134 | D:3      | Reached XP level 4. HP: 29/29 MP: 5/5
  2166 | D:3      | Noticed Grinder
  2168 | D:3      | Paralysed by Grinder for 4 turns
  2187 | D:3      | Paralysed by Grinder for 5 turns
  2205 | D:3      | HP: 1/29 [Grinder/nerve-wracking pain (5)]
  2206 | D:3      | Paralysed by Grinder for 6 turns
  2215 | D:3      | Killed Grinder
  2216 | D:3      | Reached skill level 4 in Axes
  2216 | D:3      | Reached skill level 1 in Dodging
  2216 | D:3      | Reached XP level 5. HP: 24/33 MP: 6/6
  2216 | D:3      | Reached XP level 6. HP: 28/38 MP: 7/7
  2393 | D:3      | Noticed Natasha
  2407 | D:3      | Killed Natasha
  2413 | D:3      | Noticed Robin
  2429 | D:3      | Killed Robin
  2515 | D:3      | Noticed Natasha
  2523 | D:3      | Killed Natasha
  2600 | D:3      | Noticed Natasha
  2615 | D:3      | Killed Natasha
  2749 | D:3      | Found Vauline's Jewellery Shoppe.
  2785 | D:3      | Found a basalt altar of Yredelemnul.
  2794 | D:3      | Found a hazy altar of Hepliaklqana.
  3019 | D:3      | Reached skill level 5 in Axes
  3348 | D:4      | Reached ** piety under Lugonu
  3404 | D:4      | Reached XP level 7. HP: 11/44 MP: 8/8
  3708 | D:4      | Found an ornate altar of the Wu Jian Council.
  3880 | D:4      | Found an ancient bone altar of Kikubaaqudgha.
  3881 | D:4      | Found a radiant altar of Vehumet.
  3881 | D:4      | Found a shimmering blue altar of Sif Muna.
  3881 | D:4      | Found a broken altar of Ashenzari.
  3882 | D:4      | Found a snail-covered altar of Cheibriados.
  4135 | D:5      | Entered Level 5 of the Dungeon
  4277 | D:5      | Reached skill level 6 in Axes
  4556 | D:5      | Reached XP level 8. HP: 48/48 MP: 9/9
  5102 | D:5      | Reached *** piety under Lugonu
  5193 | D:5      | Found a staircase to the Ecumenical Temple.
  5252 | D:6      | Gained mutation: Armour fits poorly on your strangely
                  | shaped body. [potion of mutation]
  5315 | D:6      | Reached skill level 5 in Fighting
  5315 | D:6      | Reached skill level 5 in Armour
  5451 | D:6      | Reached skill level 7 in Axes
  6067 | D:6      | Reached XP level 9. HP: 45/55 MP: 10/10
  6253 | D:6      | Reached skill level 8 in Axes
  6710 | D:7      | Found Moewi's Antique Armour Shoppe.
  6767 | D:7      | Bought a runed buckler for 180 gold pieces
  6841 | D:7      | Reached **** piety under Lugonu
  7159 | D:7      | Identified the +1 robe of the Komodo Dragon {+Blink MP+9
                  | Int+4}
  7398 | D:7      | Reached skill level 1 in Stealth
  7495 | D:8      | You fall into a shaft and drop 3 floors!
  7504 | D:11     | Noticed a brown ugly thing
  7528 | D:11     | Killed a brown ugly thing
  7529 | D:11     | Reached skill level 9 in Axes
  7529 | D:11     | Reached skill level 1 in Shields
  7560 | D:11     | Reached XP level 10. HP: 28/64 MP: 11/11
  7990 | D:11     | Found Abluefox's Antique Weapon Boutique.
  8019 | D:11     | Noticed a two-headed ogre
  8094 | D:11     | Identified the amulet of the Unkillable {Regen+ Int+3}
  8098 | D:11     | Found an iron altar of Okawaru.
  8100 | D:11     | Slain by a wraith

Illustrated notes

Levels and vault maps discovered:
D:1:      mainiacjoe_arrival_reflecting_pool, layout_loops_corners,
          minmay_pentomino_x4
D:2:      layout_loops_ring, hellmonk_ecumenical_altar_slurped_away
D:3:      layout_rooms, mainiacjoe_overflow_swirl, serial_shops, shop, shop,
          nicolae_shop_stone, shop_statue, uniq_robin, uniq_natasha,
          uniq_grinder
D:4:      layout_basic, grunt_temple_overflow_open
D:5:      corexii_shantytown, layout_rooms, temple_hall, serial_bayou_crossing,
          uniq_sigmund
D:6:      layout_gridville
D:7:      layout_cave_pools, serial_shops, nicolae_shop_trees,
          kennysheep_cross_room
D:8:      layout_loops_ring, zin_treasury, mainiacjoe_overflow_24_doors,
          dpeg_oklobed_lair, serial_co_window_serial, co_window_corner_a,
          co_window_paths_a, co_window_paths_a, co_window_paths_b,
          co_window_corner_a, co_window_corner_a, co_window_corner_b,
          co_window_of_opportunity_b, co_window_broadway_b, co_window_corner_cb,
          co_window_corner_cb, glass_columns_b, enter_ossuary_2
D:11:     layout_layer_cave, serial_shops, nicolae_shop_stone, shop,
          nicolae_shop_statue_plus, nicolae_shop_statue_plus,
          minmay_misc_feat_rugged, okawaru_gym_becter

Skill      XL: |  1  2  3  4  5  6  7  8  9 |
---------------+----------------------------+-----
Axes           | 2 3 4 5 6 7 9 |  9.5
Fighting       | 4 6 8 |  8.2
Armour         | 3 4 5 7 |  7.1
Dodging        | 1 2 |  2.6
Stealth        | 1 |  1.0
Shields        | 1 |  1.7
Throwing       | |  0.1
Invocations    | |  2.0

Action                   |  1- 3 |  4- 6 |  7- 9 | 10-12 || total
-------------------------+-------+-------+-------+-------++-------
Melee: Hand axe          |    76 |   101 |   372 |    18 ||   567
Throw: Dart              |       |       |     1 |     4 ||     5
Invok: Depart the Abyss  |     1 |       |       |       ||     1
       Bend Space        |       |       |       |     4 ||     4
Evoke: Wand              |       |       |       |     4 ||     4
  Use: Scroll            |     6 |     2 |    12 |       ||    20
       Potion            |       |     7 |     4 |     1 ||    12
Armor: Chain mail        |    45 |    50 |   341 |    67 ||   503
       Leather armour    |     2 |       |       |       ||     2
       Skin              |       |    17 |       |       ||    17
Dodge: Dodged            |    33 |    33 |   194 |    46 ||   306
Block: Buckler           |       |       |    31 |    30 ||    61

Table legend: (Time is in decaauts)
 A = Elapsed time spent in this place.
 B = Non-inter-level travel time spent in this place.
 C = Inter-level travel time spent in this place.
 D = Time resting spent in this place.
 E = Time spent auto-exploring this place.
 F = Levels seen in this place.
 G = Mean time per level.
                   A        B        C        D        E       F      G
               +--------+--------+--------+--------+--------+-----+--------+
         Total |   8129 |   7901 |    228 |    652 |   5479 |  10 |  812.9 |
       Dungeon |   8121 |   7893 |    228 |    652 |   5472 |   9 |  902.3 |
         Abyss |      8 |      8 |      0 |      0 |      7 |   1 |    8.0 |
               +--------+--------+--------+--------+--------+-----+--------+

Top non-repeatable levels by time:
     D:6: 1362 daAuts
     D:3: 1249 daAuts
     D:5: 1121 daAuts
     D:1: 1094 daAuts
     D:2: 977 daAuts
     D:7: 871 daAuts
     D:4: 843 daAuts
    D:11: 601 daAuts
 Abyss:1: 8 daAuts
